 Dungeon Crawl Stone Soup version 0.27-a0-972-gd1521fd518 (webtiles) character file.

Game seed: 4176636882201397964

40 robertstho the Skirmisher (level 3, -3/33 HPs)
             Began as a Minotaur Berserker on Apr 13, 2021.
             Was a Believer of Trog.
             Slain by a gnoll
             ... wielding a +0 flail
              (14 damage)
             ... on level 2 of the Dungeon.
             The game lasted 00:01:14 (1349 turns).

robertstho the Skirmisher (Minotaur Berserker)      Turns: 1349, Time: 00:01:14

Health: -3/33      AC:  2    Str: 21    XL:     3   Next: 30%
Magic:  2/2        EV: 12    Int:  5    God:    Trog [**....]
Gold:   20         SH:  0    Dex:  9    Spells: 2/2 levels left

rFire    . . .     SeeInvis .   a - +0 hand axe
rCold    . . .     Faith    .   (no shield)
rNeg     . . .     Spirit   .   b - +0 animal skin
rPois    .         Reflect  .   (helmet restricted)
rElec    .         Harm     .   (no cloak)
rCorr    .         Rampage  .   (no gloves)
Will     .....                  (no boots)
Stlth    +.........             (no amulet)
HPRegen  0.11/turn              (no ring)
MPRegen  0.08/turn              (no ring)

@: no status effects
A: horns 2, retaliatory headbutt
a: Renounce Religion, Berserk, Trog's Hand


You were on level 2 of the Dungeon.
You worshipped Trog.
Trog was pleased with you.
You visited 1 branch of the dungeon, and saw 2 of its levels.

You collected 20 gold pieces.

Inventory:

Hand Weapons
 a - a +0 hand axe (weapon)
Armour
 b - a +0 animal skin (worn)
Scrolls
 e - a scroll of teleportation {unknown}
 f - a scroll of identify {unknown}
Potions
 c - a potion of brilliance {unknown}
 d - a potion of lignification {unknown}


   Skills:
 * Level 4.3 Fighting
 + Level 4.3 Axes
 * Level 2.9 Armour
 + Level 2.5 Dodging


You had 2 spell levels left.
You didn't know any spells.
Your spell library was empty.

Dungeon Overview and Level Annotations

Branches:
Dungeon (2/15)

Altars:


Innate Abilities, Weirdness & Mutations

You have a pair of horns on your head.
You reflexively headbutt those who attack you in melee.


Message History

The goblin shouts!
The goblin hits you with a +0 dagger.
You closely miss the goblin. The goblin hits you with a +0 dagger.
You closely miss the goblin. The goblin misses you.
You miss the goblin. You headbutt the goblin.
You kill the goblin!
Trog accepts your kill.
No target in view!
No target in view!
No target in view!
No target in view!
No target in view!
No target in view!
No target in view!
No target in view!
A gnoll comes into view. It is wielding a +0 flail.
A gnoll is nearby!
A gnoll is nearby!
A gnoll is nearby!
A gnoll is nearby!
A gnoll is nearby!
An adder and a gnoll come into view.
The gnoll shouts! x2
A gnoll comes into view. It is wielding a +0 flail.
A gnoll comes into view. It is wielding a +0 whip.
The gnoll moves out of view.
You barely miss the gnoll.
The gnoll shouts!
The gnoll closely misses you. The gnoll hits you with a +0 club.
You hit the gnoll.
The gnoll is moderately wounded.
You closely miss the gnoll. The gnoll closely misses you.
You furiously retaliate!
You headbutt the gnoll. The gnoll hits you with a +0 club!
You hit the gnoll but do no damage.
The gnoll is heavily wounded.
You closely miss the gnoll. The gnoll closely misses you.
You furiously retaliate!
You headbutt the gnoll. The gnoll hits you with a +0 club!
The gnoll hits you with a +0 flail!
You die...

#####.#.....≈.....#
#.....#...........#
#......#.........#.
#.....#...........#
.#####........#.....#.##
...............#####....
≈........)..........###.
≈.....g........>'.......
♣≈....g@........########
≈≈gg.....S......#
♣≈.#####........# ≈
#........# ######.###
#... #####


You could see 4 gnolls and an adder.

Vanquished Creatures
  A worm (D:2)
  5 endoplasms
  4 giant cockroaches
  4 goblins
  2 hobgoblins (D:1)
  A quokka (D:1)
  3 ball pythons (D:1)
  2 bats (D:1)
  A frilled lizard (D:1)
  7 kobolds
  4 rats
34 creatures vanquished.

Vanquished Creatures (others)
  9 plants (D:2)
9 creatures vanquished.

Grand Total: 43 creatures vanquished

Notes
Turn   | Place    | Note
-------+----------+-------------------------------------------
     0 | D:1      | robertstho the Minotaur Berserker began the quest for the
                  | Orb.
     0 | D:1      | Reached XP level 1. HP: 19/19 MP: 0/0
    61 | D:1      | Reached XP level 2. HP: 27/27 MP: 1/1
   808 | D:1      | Reached ** piety under Trog
   809 | D:1      | Reached XP level 3. HP: 33/33 MP: 2/2
  1261 | D:2      | Found a faded altar of an unknown god.
  1349 | D:2      | Slain by a gnoll

Illustrated notes

Levels and vault maps discovered:
D:1:      nzn_arrival_crosshair, layout_loops_ring, serial_bayou_pond_e,
          st_stairs_9
D:2:      layout_basic, shapermc_ecumenical_altar_starsandcircs,
          serial_bayou_pond_c, hex_medium, minmay_pentomino_s4

Skill      XL: |  1  2 |
---------------+-------+-----
Fighting       | 4 |  4.3
Axes           | 4 |  4.3
Armour         | |  2.9
Dodging        | |  2.5

Action                   || total
-------------------------++-------
Melee: Hand axe          ||    66
       Headbutt          ||    10
Invok: Berserk           ||     1
 Stab: Sleeping          ||     1
Armor: Animal skin       ||     7
Dodge: Dodged            ||    38

Table legend: (Time is in decaauts)
 A = Elapsed time spent in this place.
 B = Non-inter-level travel time spent in this place.
 C = Inter-level travel time spent in this place.
 D = Time resting spent in this place.
 E = Time spent auto-exploring this place.
 F = Levels seen in this place.
 G = Mean time per level.
                   A        B        C        D        E       F      G
               +--------+--------+--------+--------+--------+-----+--------+
         Total |   1360 |   1336 |     24 |     38 |   1152 |   2 |  680.0 |
       Dungeon |   1360 |   1336 |     24 |     38 |   1152 |   2 |  680.0 |
               +--------+--------+--------+--------+--------+-----+--------+

Top non-repeatable levels by time:
     D:1: 932 daAuts
     D:2: 428 daAuts
